 Dungeon Crawl Stone Soup version 0.29-a0-338-g1ff7896281 (webtiles) character file.

Game seed: 4318139937875077695

1001 bande the Chopper (level 8, -6/48 HPs)
             Began as a Gargoyle Fighter on Apr 17, 2022.
             Killed from afar by an acid dragon (24 damage)
             ... with a splash of acid
             ... on level 6 of the Dungeon.
             The game lasted 00:07:14 (5176 turns).

bande the Chopper (Gargoyle Fighter)                Turns: 5176, Time: 00:07:14

Health: -6/48      AC: 15    Str: 21    XL:     8   Next: 20%
Magic:  8/8        EV:  7    Int:  8    God:
Gold:   223        SH:  4    Dex: 11    Spells: 7/7 levels left

rFire   . . .      SeeInvis .   a - +1 war axe
rCold   . . .      Faith    .   c - +0 buckler
rNeg    + . .      Spirit   .   f - +0 chain mail
rPois   ∞          Reflect  .   (no helmet)
rElec   +          Harm     .   (no cloak)
rCorr   .          Rampage  .   (no gloves)
Will    .....                   (no boots)
Stlth   ..........              (no amulet)
HPRegen 0.16/turn               (no ring)
MPRegen 0.11/turn               (no ring)

@: mighty
A: sickness immunity, AC +5, negative energy resistance 1, electricity
resistance, torment resistance 1, petrification resistance
a: no special abilities


You were on level 6 of the Dungeon.
You visited 1 branch of the dungeon, and saw 6 of its levels.

You collected 223 gold pieces.

Inventory:

Hand Weapons
 a - a +1 war axe (weapon)
Armour
 c - a +0 buckler (worn)
 f - a +0 chain mail (worn)
Jewellery
 m - an amulet of faith
Scrolls
 g - 5 scrolls of teleportation
 n - 3 scrolls of fog
 o - 2 scrolls of magic mapping
 q - a scroll of fear
Potions
 b - 4 potions of haste
 d - a potion of might
 e - a potion of curing
 h - 2 potions of resistance
 i - a potion of attraction {unknown}
 j - a potion of flight {unknown}
 k - 4 potions of mutation {unknown}
 l - a potion of berserk rage {unknown}
 p - a potion of ambrosia {unknown}
 r - a potion of invisibility {unknown}
 s - a potion of heal wounds {unknown}


   Skills:
 + Level 4.9 Fighting
 + Level 6.5 Axes
 + Level 5.8 Armour
 + Level 4.3 Shields


You had 7 spell levels left.
You didn't know any spells.
Your spell library contained the following spells:

 Spells                   Type           Power      Damage    Failure   Level
 Sting                    Tmut/Pois      0%         1d3       99%         1
 Poisonous Vapours        Pois/Air       0%         N/A       100%        2
 Static Discharge         Conj/Air       0%         N/A       100%        2
 Inner Flame              Hex/Fire       0%         N/A       100%        3
 Cause Fear               Hex            0%         N/A       100%        4
 Dispel Undead            Necr           0%         3d6       100%        4
 Olgreb's Toxic Radiance  Pois           0%         N/A       100%        4
 Sticky Flame             Conj/Fire      0%         2d3       100%        4
 Ozocubu's Refrigeration  Ice            0%         4d5       100%        7
 Discord                  Hex            0%         N/A       100%        8
 Ignition                 Fire           0%         3d3       100%        8


Dungeon Overview and Level Annotations

Branches:
Dungeon (6/15)
 Temple: D:4-7

Altars:

Shops:
D:5 ([[


Innate Abilities, Weirdness & Mutations

You are immune to sickness and miasma.
Your stone body is resilient. (AC +5)
You are immune to poison.
You resist negative energy. (rN+)
You are resistant to electric shocks. (rElec)
You are resistant to unholy torment.
You are immune to petrification.


Message History

You block the orc's attack.
You barely miss the orc warrior.
The orc warrior is severely wounded.
You hit the acid dragon. You closely miss the orc.
The orc hits you but does no damage. You block the orc warrior's attack.
The acid dragon bites you.
The acid dragon claws you but does no damage.
Unknown command.
You closely miss the orc warrior.
The orc warrior is severely wounded.
You hit the orc.
You hit the acid dragon but do no damage.
The orc barely misses you.
The orc warrior hits you but does no damage.
You block the acid dragon's attack. The acid dragon completely misses you.
You closely miss the orc warrior.
The orc warrior is severely wounded.
You closely miss the orc.
You hit the acid dragon but do no damage.
The orc hits you with a +0 flail. The orc warrior completely misses you.
The acid dragon spits acid at you. The splash of acid hits you!
* * * LOW HITPOINT WARNING * * *
You feel better. The orc hits you with a +0 flail.
The orc warrior barely misses you. The acid dragon barely misses you.
The acid dragon claws you but does no damage.
You feel very mighty all of a sudden. The orc barely misses you.
The orc warrior hits you with a +0 dire flail.
The acid dragon bites you. The acid dragon closely misses you.
Unknown command.
You slash the orc warrior!
You kill the orc warrior!
You slash the orc!
You kill the orc!
You slash the acid dragon! The acid dragon spits acid at you.
The splash of acid hits you!!
Ouch! That really hurt!
You die...

##########
#.......#####. ......=
.............. .......
#.......##.### .."...?
....... #.### ....(.?
... ...##.... .......
#.# #...... ....... #.#
##.#.#.#
......D#####.####.......
......)@..........#.#.#.
#####.).....####........
#.......# #######.#
#.......# #.. #.......#
#.. #.......# #..
#......!# .. #......!#


You could see an acid dragon (catching breath).

Vanquished Creatures
  An orc warrior (D:6)
  An ice beast (D:5)
  2 sky beasts
  An ogre (D:5)
  A gnoll sergeant (D:5)
  2 scorpions (D:5)
  3 jellies (D:5)
  3 iguanas (D:5)
  3 orc wizards (D:5)
  4 gnolls (D:5)
  10 adders
  A shadow imp (D:5)
  A white imp (D:5)
  2 ufetubi
  2 worms
  4 orcs
  3 ball pythons
  3 bats
  7 endoplasms
  2 giant cockroaches (D:1)
  7 goblins
  2 hobgoblins (D:3)
  3 jackals (D:1)
  A quokka (D:3)
  3 frilled lizards (D:1)
  5 kobolds
  3 rats (D:1)
80 creatures vanquished.

Vanquished Creatures (others)
  A plant (D:3)
1 creature vanquished.

Grand Total: 81 creatures vanquished

Notes
Turn   | Place    | Note
-------+----------+-------------------------------------------
     0 | D:1      | bande the Gargoyle Fighter began the quest for the Orb.
     0 | D:1      | Reached XP level 1. HP: 14/14 MP: 1/1
   143 | D:1      | Reached XP level 2. HP: 19/19 MP: 2/2
   218 | D:1      | Reached skill level 2 in Axes
   667 | D:1      | Found a faded altar of an unknown god.
  1197 | D:2      | Reached XP level 3. HP: 21/24 MP: 3/3
  1850 | D:3      | Reached XP level 4. HP: 26/29 MP: 4/4
  2696 | D:4      | Reached skill level 3 in Axes
  2891 | D:4      | Reached XP level 5. HP: 30/33 MP: 5/5
  3357 | D:5      | Entered Level 5 of the Dungeon
  3401 | D:5      | Noticed an ogre
  3412 | D:5      | Killed an ogre
  3414 | D:5      | Found Equif's Armour Boutique.
  3416 | D:5      | Noticed an ice beast
  3514 | D:5      | Found Zocwido's Antique Weapon Emporium.
  3547 | D:5      | Killed an ice beast
  3548 | D:5      | Reached skill level 4 in Axes
  3548 | D:5      | Reached XP level 6. HP: 31/38 MP: 6/6
  4026 | D:5      | Reached skill level 5 in Armour
  4026 | D:5      | Reached XP level 7. HP: 29/43 MP: 7/7
  4268 | D:5      | Reached skill level 5 in Axes
  4692 | D:5      | Found Yjaxyu's Antique Armour Shoppe.
  4779 | D:5      | Reached skill level 6 in Axes
  4819 | D:5      | Reached XP level 8. HP: 44/48 MP: 8/8
  5176 | D:6      | Killed from afar by an acid dragon

Illustrated notes

Levels and vault maps discovered:
D:1:      lightli_arrival_statue_moat, layout_loops_cross,
          dreamdust_ecumenical_altar_grove, minmay_tiny_reverse_x
D:2:      layout_loops_cross
D:3:      layout_loops_ring, serial_bayou_crossing
D:4:      layout_gridville, kennysheep_generic_room_12
D:5:      layout_gridville, serial_shops, nicolae_shop_hallway_plus,
          nicolae_shop_window_shopping, shop
D:6:      layout_basic, minmay_temple_entry_tees, minmay_misc_feat_pillars

Skill      XL: |  1  2  3  4  5  6  7 |
---------------+----------------------+-----
Axes           | 2 3 4 6 |  6.5
Armour         | 4 5 |  5.8
Fighting       | 4 |  4.9
Shields        | 4 |  4.3

Action                   |  1- 3 |  4- 6 |  7- 9 || total
-------------------------+-------+-------+-------++-------
Melee: War axe           |    96 |   104 |    69 ||   269
  Use: Scroll            |     4 |     4 |     2 ||    10
       Potion            |       |       |     2 ||     2
Armor: Scale mail        |    24 |       |       ||    24
       Chain mail        |    36 |    78 |    63 ||   177
Dodge: Dodged            |    50 |    33 |    37 ||   120
Block: Buckler           |    19 |    21 |    18 ||    58

Table legend: (Time is in decaauts)
 A = Elapsed time spent in this place.
 B = Non-inter-level travel time spent in this place.
 C = Inter-level travel time spent in this place.
 D = Time resting spent in this place.
 E = Time spent auto-exploring this place.
 F = Levels seen in this place.
 G = Mean time per level.
                   A        B        C        D        E       F      G
               +--------+--------+--------+--------+--------+-----+--------+
         Total |   5280 |   5151 |    129 |    337 |   4046 |   6 |  880.0 |
       Dungeon |   5280 |   5151 |    129 |    337 |   4046 |   6 |  880.0 |
               +--------+--------+--------+--------+--------+-----+--------+

Top non-repeatable levels by time:
     D:5: 1715 daAuts
     D:1: 1147 daAuts
     D:4: 925 daAuts
     D:3: 838 daAuts
     D:2: 516 daAuts
     D:6: 137 daAuts
